[Event "fics rated crazyhouse match"]
[Site "fics, Oklahoma City, OK USA"]
[Date "2000.02.29"]
[White "XXNoWay"]
[WhiteElo "2305"]
[Black "pminear"]
[BlackElo "2419"]
[TimeControl "60+0"]
[Result "0-1"]

1. e4 e5 2. Bc4 Nc6 3. Nc3 Bc5 4. Qh5 g6 5. Qf3 Nf6 6. d3 
Nd4 7. Qd1 d6 8. Bg5 h6 9. Bxf6 Qxf6 10. Nf3 Nxf3+ 11. gxf3 Bxf2+ 
12. Kxf2 N@g4+ 13. Ke2 B@g2 14. B@d5 Qxf3+ 15. Kd2 Qe3# 
{XXNoWay checkmated} 0-1

[Event "fics rated crazyhouse match"]
[Site "fics, Oklahoma City, OK USA"]
[Date "2000.02.29"]
[White "pminear"]
[WhiteElo "2424"]
[Black "XXNoWay"]
[BlackElo "2300"]
[TimeControl "60+0"]
[Result "1-0"]

1. e4 e6 2. Nc3 Nf6 3. e5 Nd5 4. Nxd5 exd5 5. Nf3 Nc6 6. d4 
d6 7. Bb5 Bg4 8. N@e3 Bxf3 9. gxf3 dxe5 10. dxe5 P@f4 11. Nxd5 N@g2+ 
12. Kf1 Bc5 13. B@h3 Ne3+ 14. fxe3 Bxe3 15. P@d7+ Kf8 16. Bxe3 fxe3 17. B@c5+ 
P@d6 18. Bxe3 B@g5 19. P@f4 Bh4 20. P@f6 gxf6 21. exf6 Bxf6 22. Nxf6 Qxf6 
23. Bxc6 bxc6 24. B@c3 B@b5+ 25. P@e2 P@e5 26. fxe5 Qxf3+ 27. N@f2 Bxe2+ 28. Qxe2 
Qxe2+ 29. Kxe2 P@f3+ 30. Kd1 Q@e2+ 31. Kc1 
{XXNoWay forfeits on time} 1-0

[Event "fics rated crazyhouse match"]
[Site "fics, Oklahoma City, OK USA"]
[Date "2000.02.29"]
[White "XXNoWay"]
[WhiteElo "2295"]
[Black "pminear"]
[BlackElo "2429"]
[TimeControl "60+0"]
[Result "0-1"]

1. e4 e5 2. Nc3 Nc6 3. Bb5 Bc5 4. Nf3 Nd4 5. Nxe5 Nxb5 6. Nxb5 
Qh4 7. Qf3 Bxf2+ 8. Qxf2 Qxf2+ 9. Kxf2 Q@c5+ 10. B@d4 Qxb5 11. Nxf7 N@g4+ 
12. Ke1 P@f2+ 13. Bxf2 Nxf2 14. Kxf2 B@h4+ 15. P@g3 Kxf7 16. Q@f4+ Nf6 17. P@f5 
N@g4+ 18. Ke1 Bxg3+ 19. Qxg3 B@f2+ 20. Qxf2 Nxf2 21. P@g6+ Ke8 22. B@f7+ Kd8 
23. Kxf2 Nxe4+ 24. Ke3 Q@f2+ 25. Kxe4 d5+ 26. Ke5 Qxf5+ 27. Kd4 Qe4+ 28. Kc3 
Qec4# 
{XXNoWay checkmated} 0-1

[Event "fics rated crazyhouse match"]
[Site "fics, Oklahoma City, OK USA"]
[Date "2000.02.29"]
[White "pminear"]
[WhiteElo "2434"]
[Black "XXNoWay"]
[BlackElo "2290"]
[TimeControl "60+0"]
[Result "1-0"]

1. e4 e6 2. Nc3 Nf6 3. e5 Nd5 4. Nxd5 exd5 5. Nf3 Nc6 6. d4 
N@e4 7. Bb5 Be7 8. N@f5 Rg8 9. Qe2 d6 10. Nxg7+ Rxg7 11. P@f6 Bxf6 
12. exf6 Qxf6 13. Bxc6+ bxc6 14. N@h5 Qg6 15. Nxg7+ Qxg7 16. R@g3 P@g6 17. B@h6 
Qg8 18. Ng5 B@f6 19. Nxe4 dxe4 20. Bcg5 P@e7 21. Bxf6 exf6 22. Qxe4+ Be6 
23. Qxc6+ Ke7 24. Qxc7+ B@d7 25. N@c6+ Ke8 26. Qxd6 Rc8 27. Qe7# 
{XXNoWay checkmated} 1-0

[Event "fics rated crazyhouse match"]
[Site "fics, Oklahoma City, OK USA"]
[Date "2000.02.29"]
[White "XXNoWay"]
[WhiteElo "2285"]
[Black "pminear"]
[BlackElo "2439"]
[TimeControl "60+0"]
[Result "0-1"]

1. e4 e5 2. Nc3 Nc6 3. Bb5 Bc5 4. Bxc6 dxc6 5. Nf3 B@g4 6. d3 
Bxf3 7. Qxf3 N@d4 8. Qd1 Nf6 9. Be3 Ng4 10. Bxd4 Bxd4 11. O-O Nxf2 
12. Rxf2 Bxf2+ 13. Kxf2 Qh4+ 14. B@g3 B@c5+ 15. Kf1 R@g1+ 16. Ke2 Qh5+ 17. B@f3 
Rxg2+ 18. N@f2 Bg4 19. Bxg4 Qxg4+ 20. B@f3 Rxf2+ 21. Bxf2 N@f4+ 22. Kd2 P@e3+ 
23. Kc1 P@d2+ 24. Kb1 Qg6 25. N@f5 exf2 
{XXNoWay resigns} 0-1

[Event "fics rated crazyhouse match"]
[Site "fics, Oklahoma City, OK USA"]
[Date "2000.02.29"]
[White "Tecumseh"]
[WhiteElo "2285"]
[Black "XXNoWay"]
[BlackElo "2280"]
[TimeControl "60+0"]
[Result "0-1"]

1. d4 e6 2. Nf3 Nf6 3. Nc3 d5 4. e3 Be7 5. Bd3 O-O 6. O-O 
Nc6 7. Ne5 Bd7 8. Bd2 Rb8 9. Qe2 a5 10. Rae1 Bd6 11. f4 Qe7 
12. Nxd7 Nxd7 13. B@e5 f6 14. Bxd6 cxd6 15. B@c7 Rbc8 16. Bxd6 Qxd6 17. Nb5 
Qe7 18. P@e5 f5 19. Nd6 Rb8 20. Qh5 B@g6 21. Qg5 B@d8 22. Qxe7 Bxe7 
23. Rf3 Bxd6 24. exd6 N@g4 25. B@e7 Nxe7 26. dxe7 Rfe8 27. Q@d6 B@c6 28. N@c7 
Rec8 29. e8=Q+ Bxe8 30. Nxe8 Rxe8 31. B@h5 P@f2+ 32. Rxf2 Nxf2 33. P@f7+ Kh8 
34. fxe8=Q+ Rxe8 35. Bxe8 R@h1+ 36. Kxf2 N@g4+ 37. Kg3 Q@f2+ 38. Kh3 Rxh2# 
{Tecumseh checkmated} 0-1

[Event "fics rated crazyhouse match"]
[Site "fics, Oklahoma City, OK USA"]
[Date "2000.02.29"]
[White "XXNoWay"]
[WhiteElo "2288"]
[Black "Tecumseh"]
[BlackElo "2277"]
[TimeControl "60+0"]
[Result "1-0"]

1. e4 Nc6 2. Nc3 Nf6 3. Nf3 e6 4. Bb5 Nb4 5. O-O c6 6. Be2 
d5 7. e5 Ne4 8. Bd3 Ng5 9. Be2 d4 10. Nxg5 Qxg5 11. Ne4 Qf5 
12. d3 
{Tecumseh resigns} 1-0

[Event "fics rated crazyhouse match"]
[Site "fics, Oklahoma City, OK USA"]
[Date "2000.02.29"]
[White "Seipman"]
[WhiteElo "2268"]
[Black "Oddyseus"]
[BlackElo "2205"]
[TimeControl "60+0"]
[Result "1-0"]

1. e4 e6 2. Nc3 Be7 3. d4 d5 4. exd5 exd5 5. Bb5+ c6 6. Bf4 
P@c7 7. Be2 Nf6 8. Nf3 Nbd7 9. Ng5 O-O 10. P@e6 fxe6 11. Nxe6 Qe8 
12. Nxc7 Qg6 13. Nxa8 Qxg2 14. Bf3 Qxh1+ 15. Bxh1 R@g1+ 16. R@f1 Rxf1+ 17. Kxf1 
P@h3 18. P@g2 Nb6 19. Nxb6 hxg2+ 20. Bxg2 axb6 21. P@h6 P@h3 22. R@h8+ Kf7 
23. Rxf8+ Bxf8 24. N@e5+ Ke8 25. Q@f7+ Kd8 26. P@c7# 
{Oddyseus checkmated} 1-0

[Event "fics rated crazyhouse match"]
[Site "fics, Oklahoma City, OK USA"]
[Date "2000.02.29"]
[White "Tecumseh"]
[WhiteElo "2269"]
[Black "XXNoWay"]
[BlackElo "2296"]
[TimeControl "60+0"]
[Result "0-1"]

1. e4 e6 2. d3 Nf6 3. Be2 d5 4. e5 Nfd7 5. Nf3 Nc6 6. Bf4 
Be7 7. Nc3 Rg8 8. d4 Nb6 9. Bd3 Rh8 10. h4 Nb4 11. Be2 Bd7 
12. Ng5 h6 13. Nxf7 Kxf7 14. Bh5+ Kf8 15. a3 Nc6 16. Qg4 Nxd4 17. Qg6 
Be8 18. Qxg7+ Kxg7 19. P@f6+ Bxf6 20. exf6+ Kh7 21. Bxe8 Nxc2+ 22. Kf1 P@e2+ 
23. Nxe2 Qxe8 24. B@d3+ B@g6 25. Bxg6+ Qxg6 26. h5 Qxg2+ 27. Kxg2 P@f3+ 28. Kxf3 
B@e4+ 29. Kg3 Q@f3+ 30. Kh4 N@f5# 
{Tecumseh checkmated} 0-1

[Event "fics rated crazyhouse match"]
[Site "fics, Oklahoma City, OK USA"]
[Date "2000.02.29"]
[White "XXNoWay"]
[WhiteElo "2303"]
[Black "Tecumseh"]
[BlackElo "2262"]
[TimeControl "60+0"]
[Result "1-0"]

1. e4 Nc6 2. Nc3 Nf6 3. Nf3 d5 4. e5 Ne4 5. Bd3 Nxc3 6. dxc3 
N@e4 7. O-O Bf5 8. N@g5 e6 9. Nxf7 Kxf7 10. Bxe4 Bxe4 11. Ng5+ Ke7 
12. Nxe4 B@f7 13. B@g5+ N@f6 14. exf6+ gxf6 15. Bxf6+ Ke8 16. Bxd8 Rxd8 17. N@f6+ 
Ke7 18. P@e5 Nxe5 19. Bg5 Bg7 20. Nxd5+ Kf8 21. P@e7+ Kg8 22. exd8=Q+ B@e8 
23. Qxe8+ Bxe8 24. Ndf6+ Kf7 25. N@d8+ Ke7 26. Q@d6+ cxd6 27. Qxd6# 
{Tecumseh checkmated} 1-0

[Event "fics rated crazyhouse match"]
[Site "fics, Oklahoma City, OK USA"]
[Date "2000.02.29"]
[White "Oddyseus"]
[WhiteElo "2198"]
[Black "Seipman"]
[BlackElo "2275"]
[TimeControl "60+0"]
[Result "1-0"]

1. e4 e6 2. Nc3 Nc6 3. d4 Nf6 4. Nf3 Bb4 5. Bd3 d5 6. e5 
Ne4 7. Bd2 Bxc3 8. bxc3 Nxd2 9. Qxd2 B@e4 10. O-O Bxf3 11. gxf3 N@h3+ 
12. Kh1 N@f4 13. B@g2 Nxg2 14. Kxg2 Ng5 15. B@g4 h5 16. Bh3 Nxh3 17. Kxh3 
B@f5+ 18. Kg2 B@h3+ 19. Kg1 Bxf1 20. Bxf1 h4 21. B@h3 Bxh3 22. Bxh3 B@f5 
23. B@g4 Bxg4 24. fxg4 B@f3 25. B@g2 Bxg2 26. Bxg2 h3 27. Bf3 B@g2 28. Bxg2 
hxg2 29. Kxg2 B@h3+ 30. Kg1 R@g2+ 31. Kh1 Qh4 32. B@g3 Qxg4 33. B@f1 Qf3 
34. N@e1 Rxh2+ 35. Kxh2 Bxf1+ 36. N@h4 Rxh4+ 37. Bxh4 N@g4+ 38. Kg1 P@h2+ 39. Kxf1 
P@g2+ 40. Nxg2 B@e2+ 41. Ke1 Nxf2 42. Qxe2 Qxe2+ 43. Kxe2 Q@d3+ 44. Kxf2 P@e3+ 
45. Kg3 
{Seipman forfeits on time} 1-0

[Event "fics rated crazyhouse match"]
[Site "fics, Oklahoma City, OK USA"]
[Date "2000.02.29"]
[White "Tecumseh"]
[WhiteElo "2255"]
[Black "XXNoWay"]
[BlackElo "2310"]
[TimeControl "60+0"]
[Result "1-0"]

1. e4 e6 2. d4 Nf6 3. e5 Nd5 4. Nc3 Nc6 5. Nxd5 exd5 6. Nf3 
d6 7. Bb5 Bg4 8. Qe2 Be7 9. exd6 cxd6 10. P@h6 Rg8 11. hxg7 P@e4 
12. Bh6 Qd7 13. Bxc6 bxc6 14. P@e6 fxe6 15. N@e5 exf3 16. gxf3 N@g2+ 17. Kd1 
dxe5 18. fxg4 P@f3 19. Qxf3 B@e4 20. P@f7+ Kd8 21. fxg8=Q+ Kc7 22. B@a5+ N@b6 
23. N@a6+ Kb7 24. Qxa8+ Kxa8 25. R@b8# 
{XXNoWay checkmated} 1-0

[Event "fics rated crazyhouse match"]
[Site "fics, Oklahoma City, OK USA"]
[Date "2000.02.29"]
[White "Seipman"]
[WhiteElo "2265"]
[Black "Oddyseus"]
[BlackElo "2208"]
[TimeControl "60+0"]
[Result "0-1"]

1. e4 e6 2. Nc3 d5 3. e5 Ne7 4. Nh3 Nf5 5. d4 Be7 6. Bd3 
Nc6 7. Bxf5 exf5 8. Nf4 Be6 9. Nxe6 fxe6 10. N@h5 B@f8 11. B@a4 Rg8 
12. Bxc6+ bxc6 13. N@c5 Bxc5 14. dxc5 B@g6 15. Nf4 Bxc5 16. Nxe6 Qe7 17. P@d7+ 
Kxd7 18. Nxc5+ Qxc5 19. Be3 Qe7 20. B@a3 P@d6 21. exd6 cxd6 22. Bxd6 Qxd6 
23. P@c5 Qe6 24. P@b7 Rad8 25. B@c8+ Rxc8 26. bxc8=Q+ Rxc8 27. R@d6+ Qxd6 28. cxd6 
B@d8 29. Nxd5 cxd5 30. Qxd5 B@b4+ 31. P@c3 Bxd6 32. P@e5 R@e6 33. exd6 Rxd6 
34. Qxd6+ Kxd6 35. B@g3+ P@e5 36. Bxe5+ Kxe5 37. Q@d4+ Ke6 38. R@e5+ Kf7 39. Qd7+ 
B@e7 40. Rxe7+ Bxe7 41. B@d5+ Kf8 42. Qxc8+ Bd8 43. R@g8+ Ke7 44. Qd7+ Kxd7 
{Seipman forfeits on time} 0-1

[Event "fics rated crazyhouse match"]
[Site "fics, Oklahoma City, OK USA"]
[Date "2000.02.29"]
[White "XXNoWay"]
[WhiteElo "2301"]
[Black "Tecumseh"]
[BlackElo "2264"]
[TimeControl "60+0"]
[Result "1-0"]

1. e4 Nc6 2. Nc3 Nf6 3. Nf3 d5 4. e5 Ne4 5. Bd3 e6 6. Bxe4 
dxe4 7. Nxe4 B@g4 8. d4 Bxf3 9. Qxf3 Nxd4 10. N@f6+ gxf6 11. Nxf6+ Ke7 
12. B@c5+ P@d6 13. Bxd4 dxe5 14. Bxe5 Bg7 15. P@c5 P@d6 16. Nd5+ exd5 17. P@f6+ 
Ke8 18. fxg7 Rg8 19. N@f6+ Qxf6 20. Qxf6 N@c6 21. Bxd6 cxd6 22. Q@f8+ Kd7 
23. Q6xf7+ N@e7 24. Q8xg8 B@a5+ 25. P@d2 N@f3+ 26. gxf3 N@d3+ 27. cxd3 
{Tecumseh resigns} 1-0

[Event "fics rated crazyhouse match"]
[Site "fics, Oklahoma City, OK USA"]
[Date "2000.02.29"]
[White "Oddyseus"]
[WhiteElo "2217"]
[Black "Seipman"]
[BlackElo "2256"]
[TimeControl "60+0"]
[Result "1-0"]

1. e4 e6 2. Nc3 Nc6 3. d4 Nf6 4. Bd3 Bb4 5. e5 Nd5 6. Bd2 
Bxc3 7. bxc3 d6 8. Nf3 N@f4 9. O-O dxe5 10. Nxe5 Nxe5 11. dxe5 Nxd3 
12. cxd3 N@f4 13. c4 P@e2 14. cxd5 exd1=Q 15. Rfxd1 Nxd3 16. N@h5 Qe7 17. N@f6+ 
gxf6 18. Nxf6+ Qxf6 19. exf6 N@h3+ 20. gxh3 N@f3+ 21. Kh1 P@g2+ 22. Kxg2 Nh4+ 
23. Kf1 B@f3 24. N@g7+ Kf8 25. Bb4+ Nxb4 26. P@e7+ Kg8 27. N@h6# 
{Seipman checkmated} 1-0

[Event "fics rated crazyhouse match"]
[Site "fics, Oklahoma City, OK USA"]
[Date "2000.02.29"]
[White "Tecumseh"]
[WhiteElo "2257"]
[Black "XXNoWay"]
[BlackElo "2308"]
[TimeControl "60+0"]
[Result "0-1"]

1. e4 e6 2. d4 Nf6 3. e5 Nd5 4. Nf3 Nc6 5. Nc3 Be7 6. Bd2 
d6 7. Bd3 O-O 8. exd6 cxd6 9. P@h6 gxh6 10. Bxh6 P@g7 11. Bxg7 Kxg7 
12. Nxd5 exd5 13. N@h5+ Kg8 14. P@g7 Re8 15. Bxh7+ Kxh7 16. O-O B@g6 17. Ne5 
dxe5 18. dxe5 Nxe5 19. P@f6 Bxf6 20. Nxf6+ Qxf6 21. B@d4 P@e2 22. Bxe5 exf1=Q+ 
23. Qxf1 Qxe5 24. N@f8+ Kxg7 25. Nxg6 Qxh2+ 26. Kxh2 N@g4+ 27. Kh1 R@h2+ 28. Kg1 
N@h3+ 29. gxh3 N@f3# 
{Tecumseh checkmated} 0-1

[Event "fics rated crazyhouse match"]
[Site "fics, Oklahoma City, OK USA"]
[Date "2000.02.29"]
[White "Seipman"]
[WhiteElo "2247"]
[Black "Oddyseus"]
[BlackElo "2226"]
[TimeControl "60+0"]
[Result "1-0"]

1. e4 e6 2. Nc3 Ne7 3. d4 d5 4. exd5 exd5 5. Bb5+ Nbc6 6. Nf3 
Be6 7. P@h6 P@f6 8. hxg7 Bxg7 9. P@e5 fxe5 10. dxe5 f6 11. P@h6 fxe5 
12. hxg7 Rg8 13. Nxe5 Rxg7 14. Bxc6+ Nxc6 15. Nxc6 bxc6 16. N@h5 Qe7 17. P@f6 
Bg4+ 18. fxe7 Bxd1 19. Nxg7+ Kd7 20. Q@e6# 
{Oddyseus checkmated} 1-0

[Event "fics rated crazyhouse match"]
[Site "fics, Oklahoma City, OK USA"]
[Date "2000.02.29"]
[White "XXNoWay"]
[WhiteElo "2315"]
[Black "Tecumseh"]
[BlackElo "2250"]
[TimeControl "60+0"]
[Result "0-1"]

1. e4 Nc6 2. Nc3 Nf6 3. Nf3 d5 4. e5 Ne4 5. Bd3 Nxf2 6. Kxf2 
P@e4 7. Rf1 exd3 8. cxd3 d4 9. Ne4 B@g4 10. P@f4 e6 11. Kg1 Be7 
12. N@g5 Bxg5 13. Nexg5 N@h4 14. Nxf7 Nxf3+ 15. gxf3 N@h3+ 16. Kh1 Kxf7 17. fxg4 
N@f2+ 18. Kg2 Nxd1 19. Kxh3 Q@h4+ 20. Kg2 Qxg4+ 21. B@g3 P@h3+ 22. Kg1 Nxe5 
23. N@g5+ Qdxg5 24. fxg5+ N@f3+ 25. Rxf3+ Nxf3+ 26. Kf1 P@g2+ 27. Ke2 Ng1+ 28. Ke1 
Qe2# 
{XXNoWay checkmated} 0-1

[Event "fics rated crazyhouse match"]
[Site "fics, Oklahoma City, OK USA"]
[Date "2000.02.29"]
[White "Oddyseus"]
[WhiteElo "2218"]
[Black "Seipman"]
[BlackElo "2255"]
[TimeControl "60+0"]
[Result "0-1"]

1. e4 e6 2. Nc3 Nc6 3. d4 Nf6 4. Nf3 Bb4 5. Bd3 d5 6. e5 
Ne4 7. Bd2 Bxc3 8. bxc3 Qe7 9. O-O Nxd2 10. Qxd2 B@e4 11. B@g5 f6 
12. exf6 gxf6 13. Bf4 Bxf3 14. gxf3 N@h3+ 15. Kh1 P@g2+ 16. Kxg2 Nxf4+ 17. Qxf4 
Rg8+ 18. B@g3 B@g5 19. Qg4 f5 20. Qh5+ N@g6 21. P@e5 f4 22. Bxg6+ hxg6 
23. Qg4 fxg3 24. fxg3 B@f5 25. Qxg5 Qxg5 26. N@f6+ Qxf6 27. exf6 B@h3+ 28. Kf2 
Q@g2+ 29. Ke3 N@c4+ 30. Kf4 g5# 
{Oddyseus checkmated} 0-1

[Event "fics rated crazyhouse match"]
[Site "fics, Oklahoma City, OK USA"]
[Date "2000.02.29"]
[White "Tecumseh"]
[WhiteElo "2259"]
[Black "XXNoWay"]
[BlackElo "2306"]
[TimeControl "60+0"]
[Result "1-0"]

1. e4 e6 2. e5 d5 3. Nf3 Nc6 4. d4 Nge7 5. Bg5 h6 6. Bh4 
Qd7 7. Nc3 Nf5 8. Be2 Nxh4 9. Nxh4 Be7 10. N@g6 fxg6 11. Nxg6 Rg8 
12. Nxe7 Nxe7 13. Bh5+ g6 14. P@h7 Rh8 15. B@f6 Rxh7 16. Bxe7 Rxe7 17. N@f6+ 
Kd8 18. Nxd7 Bxd7 19. Bxg6 B@e8 20. P@d6 Rg7 21. Bxe8 Bxe8 22. B@e7+ Kc8 
23. Q@d8# 
{XXNoWay checkmated} 1-0

[Event "fics rated crazyhouse match"]
[Site "fics, Oklahoma City, OK USA"]
[Date "2000.02.29"]
[White "Seipman"]
[WhiteElo "2262"]
[Black "Oddyseus"]
[BlackElo "2211"]
[TimeControl "60+0"]
[Result "0-1"]

1. e4 e6 2. Nc3 Ne7 3. Nf3 d5 4. exd5 exd5 5. Bb5+ Bd7 6. Bxd7+ 
Nxd7 7. d4 P@f6 8. Qe2 B@e6 9. P@f5 Nxf5 10. Nxd5 Be7 11. Nf4 P@g4 
12. Nxe6 gxf3 13. Qxf3 fxe6 14. P@e3 N@h4 15. B@h5+ N@g6 16. P@f7+ Kxf7 17. Qe2 
Bb4+ 18. B@c3 Bxc3+ 19. bxc3 B@c6 20. B@h3 Nxg2+ 21. Bxg2 Bxg2 22. N@f4 Bxh1 
23. Nxg6 hxg6 24. Bxg6+ Kxg6 25. N@f4+ Kf7 26. P@g6+ Kf8 27. Nxe6+ Ke7 28. Nxd8 
Kxd8 29. P@e6 Nb6 30. Q@f7 R@e7 31. Qxe7+ Kxe7 32. R@f7+ Kd8 33. Qc4 N@f3+ 
34. Ke2 Q@e1# 
{Seipman forfeits on time} 0-1

[Event "fics rated crazyhouse match"]
[Site "fics, Oklahoma City, OK USA"]
[Date "2000.02.29"]
[White "XXNoWay"]
[WhiteElo "2297"]
[Black "Tecumseh"]
[BlackElo "2268"]
[TimeControl "60+0"]
[Result "1-0"]

1. e4 Nc6 2. Nc3 Nf6 3. Nf3 d5 4. e5 Ne4 5. Bd3 Nxc3 6. dxc3 
Bg4 7. Bf4 e6 8. N@g5 N@h5 9. Nxf7 Kxf7 10. Ng5+ Qxg5 11. Bxg5 Bxd1 
12. Rxd1 N@f5 13. Bxf5 exf5 14. B@f3 B@e6 15. Bxh5+ N@g6 16. P@f6 Q@e4+ 17. Q@e3 
Qxe3+ 18. Bxe3 gxf6 19. exf6 Q@e4 20. N@g5+ Ke8 21. Nxe4 fxe4 22. P@g7 N@e5 
23. gxh8=Q P@f3 24. N@g7+ Kf7 25. Q@g8+ Kxf6 26. Q@g5# 
{Tecumseh checkmated} 1-0

[Event "fics rated crazyhouse match"]
[Site "fics, Oklahoma City, OK USA"]
[Date "2000.02.29"]
[White "Oddyseus"]
[WhiteElo "2220"]
[Black "Seipman"]
[BlackElo "2253"]
[TimeControl "60+0"]
[Result "0-1"]

1. e4 e6 2. Nc3 Nc6 3. d4 Nf6 4. Nf3 Nb4 5. Be2 d5 6. e5 
Ne4 7. O-O Bd7 8. Be3 Be7 9. Nd2 Nxd2 10. Bxd2 N@e4 11. Nxe4 dxe4 
12. N@g3 Nd5 13. Nxe4 N@f5 14. P@g4 Nxd4 15. Bc3 Nxe2+ 16. Qxe2 P@f5 17. gxf5 
exf5 18. P@f6 fxe4 19. fxe7 Qxe7 20. Qxe4 B@f5 21. Qxd5 P@h3 22. Qxb7 Rd8 
23. N@h5 P@e4 24. N@f6+ gxf6 25. Nxf6+ Qxf6 26. exf6 N@e2+ 27. Kh1 hxg2+ 28. Kxg2 
Bh3+ 29. Kh1 P@g2# 
{Oddyseus checkmated} 0-1

[Event "fics rated crazyhouse match"]
[Site "fics, Oklahoma City, OK USA"]
[Date "2000.02.29"]
[White "Tecumseh"]
[WhiteElo "2261"]
[Black "XXNoWay"]
[BlackElo "2304"]
[TimeControl "60+0"]
[Result "0-1"]

1. e4 e5 2. Nf3 d6 3. Bc4 Be7 4. Nc3 Nf6 5. d3 O-O 6. O-O 
Nc6 7. Ne2 Bg4 8. Ng5 Nd4 9. Re1 Nxe2+ 10. Rxe2 Bxe2 11. Qxe2 N@d4 
12. Qd1 Nxe4 13. dxe4 Bxg5 14. Bxg5 Qxg5 15. B@g4 P@e2 16. Bcxe2 Nxe2+ 17. Qxe2 
N@f4 18. Qf3 B@e2 19. Qxe2 Nxe2+ 20. Bxe2 B@d4 21. B@g3 Bxb2 22. B@h4 R@c1+ 
23. Rxc1 Qxc1+ 24. R@f1 R@e1 25. N@f6+ Kh8 26. N@e3 Rxf1+ 27. Nxf1 R@e1 28. N@e3 
Rxe2 29. N@h6 B@g6 30. P@f5 Re1 31. fxg6 Rxf1+ 32. Nxf1 Qxf1+ 33. Kxf1 Q@d1+ 
34. Q@e1 P@e2+ 35. Kg1 Qxe1# 
{Tecumseh forfeits on time} 0-1

[Event "fics rated crazyhouse match"]
[Site "fics, Oklahoma City, OK USA"]
[Date "2000.02.29"]
[White "XXNoWay"]
[WhiteElo "2311"]
[Black "Tecumseh"]
[BlackElo "2254"]
[TimeControl "60+0"]
[Result "1-0"]

1. e4 Nc6 2. Nc3 Nf6 3. Nf3 d5 4. e5 Ne4 5. Bb5 e6 6. O-O 
Be7 7. d4 Nxc3 8. bxc3 N@e4 9. Bxc6+ bxc6 10. N@h5 Rg8 11. N@g3 Nxc3 
12. Qd3 P@e4 13. Qxc3 exf3 14. Qxf3 B@g6 15. P@f6 gxf6 16. exf6 Bf8 17. P@e7 
Bxe7 18. fxe7 Qxe7 19. Nf6+ Qxf6 20. Qxf6 P@e7 21. Qxe7+ Kxe7 22. B@g5+ f6 
23. Bxf6+ Kxf6 24. N@h5+ Ke7 25. P@f6+ Kd7 26. Q@e7# 
{Tecumseh checkmated} 1-0

[Event "fics rated crazyhouse match"]
[Site "fics, Oklahoma City, OK USA"]
[Date "2000.02.29"]
[White "Seipman"]
[WhiteElo "2260"]
[Black "Oddyseus"]
[BlackElo "2213"]
[TimeControl "60+0"]
[Result "0-1"]

1. e4 e6 2. Nc3 Ne7 3. d4 d5 4. Nf3 Nbc6 5. Bb5 Bd7 6. Bxc6 
Bxc6 7. exd5 Bxd5 8. P@e4 Bc6 9. Ne5 P@f6 10. Nf3 B@g4 11. O-O Bxf3 
12. Qxf3 Ng6 13. d5 Bd7 14. B@h5 N@h4 15. Qg4 f5 16. Qe2 fxe4 17. Nxe4 
Be7 18. dxe6 Bxe6 19. N@c5 P@d7 20. Nxb7 Qc8 21. Nbc5 Bxc5 22. Nxc5 Rb8 
23. P@d5 N@f4 24. Bxf4 Nxf4 25. Bxf7+ Kxf7 26. dxe6+ dxe6 27. N@g5+ Ke7 28. Qe4 
Nfxg2 29. Ncxe6 B@b7 30. P@c6 Bxc6 31. Qxc6 B@d7 32. Qe4 Bxe6 33. Qxe6+ Qxe6 
34. Nxe6 N@h3+ 35. Kh1 Q@g1+ 36. Rxg1 Nxf2# 
{Seipman checkmated} 0-1

[Event "fics rated crazyhouse match"]
[Site "fics, Oklahoma City, OK USA"]
[Date "2000.02.29"]
[White "Tecumseh"]
[WhiteElo "2247"]
[Black "XXNoWay"]
[BlackElo "2318"]
[TimeControl "60+0"]
[Result "1-0"]

1. e4 e5 2. Nf3 d6 3. Nc3 Be7 4. d3 Nf6 5. Be2 O-O 6. O-O 
Nc6 7. Nd5 Nd4 8. Nxe7+ Qxe7 9. Bg5 Nxe2+ 10. Qxe2 Be6 11. B@h4 B@h6 
12. Bxh6 gxh6 13. N@h5 B@g7 14. Nxg7 Kxg7 15. Bxf6+ Qxf6 16. N@h5+ Kh8 17. Nxf6 
B@g7 18. Nh5 Rg8 19. Nxg7 Rxg7 20. B@f6 Rg8 21. B@f8 N@f4 22. B6xg7+ Rxg7 
23. Bxg7+ Kxg7 24. R@g3+ B@g6 25. R@a8 Nxe2+ 26. Kh1 Nxg3+ 27. fxg3 B@c8 28. Rxc8 
Bxc8 29. Ng5 hxg5 30. Q@f6+ Kf8 31. B@g7+ Ke8 32. B@a4+ N@d7 33. Bxd7+ Kxd7 
34. Qxf7+ Kc6 35. Qe8+ Bxe8 36. P@d5# 
{XXNoWay forfeits on time} 1-0

[Event "fics rated crazyhouse match"]
[Site "fics, Oklahoma City, OK USA"]
[Date "2000.02.29"]
[White "Oddyseus"]
[WhiteElo "2222"]
[Black "Seipman"]
[BlackElo "2251"]
[TimeControl "60+0"]
[Result "0-1"]

1. e4 e5 2. Nc3 Nc6 3. Nf3 Nf6 4. Be2 Bc5 5. O-O O-O 6. d3 
d5 7. Nxd5 Nxd5 8. exd5 Qxd5 9. c4 Qd8 10. P@d5 Nd4 11. Nxe5 Qe7 
12. N@f3 P@f6 13. P@e3 fxe5 14. exd4 exd4 15. Bg5 P@f6 16. Bf4 N@g6 17. Bg3 
N@f5 18. N@g4 Nxg3 19. fxg3 B@h5 20. Nh4 Nxh4 21. gxh4 Bhxg4 22. Bxg4 N@e3 
23. N@f5 Bxf5 24. Bxf5 Nxd1 25. Bxh7+ Kh8 26. Raxd1 N@e2+ 27. Kf2 Qe3+ 28. Ke1 
Nc3# 
{Oddyseus resigns} 0-1

[Event "fics rated crazyhouse match"]
[Site "fics, Oklahoma City, OK USA"]
[Date "2000.02.29"]
[White "XXNoWay"]
[WhiteElo "2308"]
[Black "Tecumseh"]
[BlackElo "2257"]
[TimeControl "60+0"]
[Result "0-1"]

1. e4 Nc6 2. Nc3 Nf6 3. Nf3 d5 4. e5 Ne4 5. Bb5 Bg4 6. O-O 
e6 7. d4 Nxc3 8. bxc3 N@e4 9. Bxc6+ bxc6 10. N@a5 Nxc3 11. Qd3 Bxf3 
12. Qxf3 N@e2+ 13. Kh1 B@e4 14. Qg4 h5 15. Qh3 P@g4 16. Qe3 Bxg2+ 17. Kxg2 
P@f3+ 18. Kh1 Nxa2 19. N@f4 Nxf4 20. Rg1 P@g2+ 21. Rxg2 fxg2+ 22. Kg1 R@f1# 
{XXNoWay checkmated} 0-1

[Event "fics rated crazyhouse match"]
[Site "fics, Oklahoma City, OK USA"]
[Date "2000.02.29"]
[White "Seipman"]
[WhiteElo "2258"]
[Black "Oddyseus"]
[BlackElo "2215"]
[TimeControl "60+0"]
[Result "1-0"]

1. e4 e6 2. Nc3 Be7 3. d4 d5 4. exd5 exd5 5. Bb5+ Bd7 6. Bxd7+ 
Nxd7 7. Nxd5 B@c4 8. Ne3 Ba6 9. B@e2 Bxe2 10. Qxe2 B@a6 11. P@b5 Ngf6 
12. bxa6 bxa6 13. B@h4 O-O 14. Bxf6 Bxf6 15. N@c6 Qe8 16. P@b7 Rd8 17. Nxd8 
Qxd8 18. R@c8 Qxc8 19. bxc8=Q Rxc8 20. Nd5 Bxd4 21. Ne7+ Kh8 22. Nxc8 Bxf2+ 
23. Qxf2 R@e8+ 24. R@e7 Rxc8 25. Qxf7 B@b4+ 26. B@c3 Bxe7 27. Qxg7# 
{Oddyseus checkmated} 1-0

[Event "fics rated crazyhouse match"]
[Site "fics, Oklahoma City, OK USA"]
[Date "2000.02.29"]
[White "Tecumseh"]
[WhiteElo "2266"]
[Black "XXNoWay"]
[BlackElo "2299"]
[TimeControl "60+0"]
[Result "0-1"]

1. e4 e6 2. e5 d6 3. Nf3 Nc6 4. Bb5 Bd7 5. Bxc6 Bxc6 6. exd6 
Bxd6 7. d4 B@f4 8. P@e5 Bxc1 9. Qxc1 B@h6 10. B@g5 Bxg5 11. Qxg5 Qxg5 
12. Nxg5 Q@c1+ 13. Q@d1 Qxg5 14. exd6 Qxg2 15. B@f3 Bxf3 16. d7+ Ke7 17. B@a3+ 
P@d6 18. Qxf3 Qxf3 19. B@e2 Qxe2+ 20. Kxe2 N@f4+ 21. Kd2 Q@e2+ 22. Kc3 Nd5+ 
23. Kb3 B@c4+ 24. Ka4 Bb5+ 25. Kb3 B@a4# 
{Tecumseh checkmated} 0-1

[Event "fics rated crazyhouse match"]
[Site "fics, Oklahoma City, OK USA"]
[Date "2000.02.29"]
[White "XXNoWay"]
[WhiteElo "2306"]
[Black "Tecumseh"]
[BlackElo "2259"]
[TimeControl "60+0"]
[Result "1-0"]

1. e4 Nc6 2. Nf3 Nf6 3. e5 Ne4 4. Nc3 Nxf2 5. Kxf2 d5 6. Bb5 
d4 7. Ne4 P@e3+ 8. dxe3 dxe3+ 9. Bxe3 Qxd1 10. Rhxd1 Bf5 11. Ng3 Bg4 
12. Kg1 P@d7 13. N@d5 Bxf3 14. Nxc7+ Kd8 15. gxf3 N@h3+ 16. Kg2 Kxc7 17. P@b6+ 
Kd8 18. P@c7+ Ke8 19. Q@d8+ Rxd8 20. cxd8=Q+ Kxd8 21. P@c7+ Kc8 22. R@d8+ Nxd8 
23. Bxd7# 
{Tecumseh checkmated} 1-0

[Event "fics rated crazyhouse match"]
[Site "fics, Oklahoma City, OK USA"]
[Date "2000.02.29"]
[White "spurs"]
[WhiteElo "2348"]
[Black "LSS"]
[BlackElo "2542"]
[TimeControl "180+0"]
[Result "0-1"]

1. d4 e6 2. Nf3 d5 3. Bg5 f6 4. Bh4 Ne7 5. Nbd2 Ng6 6. Bg3 
Bd6 7. e4 O-O 8. e5 fxe5 9. dxe5 Bc5 10. P@d4 Be7 11. h4 Nc6 
12. Bb5 P@e4 13. Ng5 Bxg5 14. hxg5 Qxg5 15. Bxc6 bxc6 16. B@h4 Nxh4 17. Bxh4 
Qxg2 18. N@e7+ Kh8 19. N@g6+ hxg6 20. Nxg6+ Qxg6 21. Bf6+ P@h6 22. Bxg7+ Qxg7 
23. P@f6 N@g2+ 24. Kf1 N@e3+ 25. fxe3 Nxe3+ 26. Ke1 N@g2+ 27. Ke2 Ba6+ 28. c4 
P@d3+ 29. Kf2 P@g3+ 30. Kg1 B@f2# 
{spurs checkmated} 0-1